 Dungeon Crawl Stone Soup version 0.32-a0-630-g46d191b0ed (webtiles) character file.

Game seed: 656300385454734529

345 Sabo the Charlatan (level 6, -2/44 HPs)
             Began as a Coglin Artificer on Mar 6, 2024.
             Succumbed to a kobold brigand's poison
             ... on level 6 of the Dungeon.
             The game lasted 00:15:48 (2798 turns).

Sabo the Charlatan (Coglin Artificer)               Turns: 2798, Time: 00:15:49

Health: -2/44      AC:  8    Str: 14    XL:     6   Next: 58%
Magic:  6/6        EV:  9    Int: 10    God:
Gold:   194        SH:  0    Dex: 15    Spells: 5/5 levels left

rFire   . . .        j - +2 dagger (drain) {Paloma}
rCold   . . .        m - +0 hand axe {Yuxuan}
rNeg    . . .        s - +0 scale mail
rPois   .            (no helmet)
rElec   .            k - +1 cloak
rCorr   .            (no gloves)
SInv    .            (no boots)
Will    .....        (amulet unavailable) Stlth
                     (ring unavailable)
HPRegen 0.27/turn    (ring unavailable)
MPRegen 0.10/turn    (no gizmo)

%: no passive effects
@: lethally poisoned (-2 -> -18)
A: off-hand wielding, slow wielding, warmup strikes, no jewellery
a: Invent Gizmo


You were on level 6 of the Dungeon.
You visited 1 branch of the dungeon, and saw 4 of its levels.

You collected 194 gold pieces.

Inventory:

Hand Weapons
 j - a +2 dagger of draining (weapon) {Paloma}
 m - a +0 hand axe (offhand) {Yuxuan}
 v - a +0 flail
 w - a +0 longbow
Missiles
 f - 3 boomerangs
 h - 4 atropa-tipped darts
 l - a throwing net
 t - 4 poisoned darts
 u - 4 curare-tipped darts
Armour
 k - a +1 cloak (worn)
 s - a +0 scale mail (worn)
Talismans
 p - a maw talisman
Wands
 c - a wand of flame (9) (quivered)
 d - a wand of charming (15)
 e - a wand of iceblast (4)
Scrolls
 i - a scroll of vulnerability {unknown}
 o - a scroll of blinking
Potions
 a - a potion of curing {unknown}
 b - a potion of might {unknown}
 g - 3 potions of invisibility {unknown}
 n - 2 potions of heal wounds {unknown}
 q - a potion of berserk rage {unknown}
 r - a potion of attraction {unknown}


   Skills:
 + Level 2.1 Fighting
 + Level 1.8 Short Blades
 + Level 3.2(3.3) Axes
 + Level 0.9(2.1) Maces & Flails
 + Level 3.0 Armour
 + Level 1.9 Dodging
 + Level 1.1 Stealth
 + Level 4.8 Evocations


You had 5 spell levels left.
You didn't know any spells.
Your spell library contained the following spells:

 Spells                   Type           Power      Damage    Failure   Level
 Call Imp                 Summ           0%         N/A       93%         2
 Sublimation of Blood     Necr           0%         N/A       93%         2
 Anguish                  Hex/Necr       0%         N/A       100%        4
 Cause Fear               Hex            0%         N/A       100%        4
 Enfeeble                 Hex            0%         N/A       100%        7
 Summon Hydra             Summ           0%         N/A       100%        7


Dungeon Overview and Level Annotations

Branches:
Dungeon (3/15)

Altars:


Innate Abilities, Weirdness & Mutations

You can wield a second weapon in your off-hand.
It takes a long time for you to wield or remove held weapons.
Your first few attacks do less damage.
You cannot equip rings or amulets.


Message History

You hit the kobold brigand but do no damage.
You closely miss the adder with your +2 dagger of draining.
You feel sick. The adder closely misses you.
The kobold brigand hits you with a +0 dagger.
The adder barely misses you.
Aiming: Throw Flame
Press: ? - help, Shift-Dir - straight line, f - kobold brigand
Aim: a kobold brigand, wielding a +0 dagger and quivering poisoned darts (lightly wounded, 67% to hit)
The puff of flame hits the kobold brigand.
The kobold brigand is moderately wounded.
You feel sick. The kobold brigand barely misses you.
A gnoll comes into view. It is wielding a +0 spear.
The adder closely misses you.
You feel sick.
You feel sick.
You feel sick.
The centaur wields a +0 orcbow.
The centaur shoots an arrow.
The arrow closely misses you.
The kobold brigand hits you but does no damage.
You feel sick.
You are no longer poisoned.
The kobold brigand attacks as it pursues you!
The kobold brigand hits you but does no damage.
The centaur shoots an arrow.
The arrow barely misses you.
The kobold brigand attacks as it pursues you!
The kobold brigand hits you with a +0 dagger.
The centaur shoots an arrow.
The arrow barely misses you.
The kobold brigand throws a poisoned dart.
The poisoned dart hits you!
You are poisoned.
You feel very sick.
The centaur shoots an arrow.
The arrow hits you!
* * * LOW HITPOINT WARNING * * *
The centaur shoots an arrow.
The arrow hits you.
* * * LOW HITPOINT WARNING * * *
* * * LOW HITPOINT WARNING * * *
You feel sick.
The kobold brigand throws a poisoned dart.
The poisoned dart hits you!
You are more poisoned.
You die...

#.รท.#..#..#..#..#..
##...#...#...#...#.
##..#....#....#..(.#
#....#.....#.....#..
#......#......#...).
#.#..S....#.......#.
#....Kcgg...........
#.#.######.........>
#..@# ###########
###.# #.# #.# #.#
#.# ... ...


You could see an adder (very drained).

Vanquished Creatures
  A water moccasin (D:6)
  A black bear (D:6)
  A scorpion (D:6)
  4 adders
  A white imp (D:6)
  2 dart slugs (D:2)
  An orc (D:3)
  4 bats
  5 endoplasms
  9 hobgoblins
  8 kobolds
  2 quokkas (D:2)
  4 ball pythons
  5 frilled lizards
  3 rats
51 creatures vanquished.

Notes
Turn   | Place    | Note
-------+----------+-------------------------------------------
     0 | D:1      | Sabo the Coglin Artificer began the quest for the Orb.
     0 | D:1      | Reached XP level 1. HP: 15/15 MP: 1/1
   389 | D:1      | Reached XP level 2. HP: 13/21 MP: 2/2
   789 | D:1      | Reached skill level 1 in Dodging
  1384 | D:2      | Reached XP level 3. HP: 26/26 MP: 3/3
  1830 | D:2      | Reached skill level 1 in Axes
  1830 | D:2      | Reached XP level 4. HP: 30/32 MP: 4/4
  2545 | D:3      | You fall into a shaft and drop 3 floors!
  2569 | D:6      | Noticed a water moccasin
  2569 | D:6      | Noticed a scorpion
  2570 | D:6      | Killed a scorpion
  2571 | D:6      | Reached XP level 5. HP: 13/37 MP: 5/5
  2573 | D:6      | Killed a water moccasin
  2574 | D:6      | Reached skill level 1 in Short Blades
  2574 | D:6      | Reached skill level 1 in Stealth
  2574 | D:6      | Reached XP level 6. HP: 17/44 MP: 6/6
  2576 | D:6      | Noticed a black bear
  2591 | D:6      | Killed a black bear
  2797 | D:6      | HP: 1/44 [poisoned by a kobold brigand]
  2798 | D:6      | Succumbed to a kobold brigand's poison

Illustrated notes

Levels and vault maps discovered:
D:1:      reono_arrival_forest_river, layout_loops_ring, serial_forest,
          infiniplex_forest_straight_4, infiniplex_forest_clump_tiny,
          infiniplex_forest_lined_1, infiniplex_forest_lined_3,
          infiniplex_forest_end_1, infiniplex_forest_end_3,
          infiniplex_forest_zigzag_2
D:2:      layout_basic, kennysheep_nondescript
D:3:      layout_loops_cross, dk_noncrumbling_4, kennysheep_jessica_study
D:6:      layout_basic, nicolae_qazlal_style_of_elements, marbit_many_paths,
          minmay_temple_entry_proselytizer, minmay_increasing_density,
          uniq_pikel

Skill      XL: |  1  2  3  4  5  6 |
---------------+-------------------+-----
Armour         | 2 3 |  3.0
Dodging        | 1 |  1.9
Axes           | 1 2 3 |  3.2
Short Blades   | 1 |  1.8
Stealth        | 1 |  1.1
Fighting       | 2 |  2.1
Maces & Flails | |  0.9
Evocations     | |  4.8

Action                     |  1- 3 |  4- 6 || total
---------------------------+-------+-------++-------
  Melee: Club              |    30 |       ||    30
         Dagger            |    51 |    49 ||   100
         Short sword       |    14 |       ||    14
         Hand axe          |    37 |    42 ||    79
  Evoke: Wand              |       |     7 ||     7
    Use: Scroll            |       |     3 ||     3
 Armour: Leather armour    |    53 |     9 ||    62
         Scale mail        |       |    36 ||    36
  Dodge: Dodged            |    52 |    38 ||    90

Table legend: (Time is in decaauts)
 A = Elapsed time spent in this place.
 B = Non-inter-level travel time spent in this place.
 C = Inter-level travel time spent in this place.
 D = Time resting spent in this place.
 E = Time spent auto-exploring this place.
 F = Levels seen in this place.
 G = Mean time per level.
                   A        B        C        D        E       F      G
               +--------+--------+--------+--------+--------+-----+--------+
         Total |   2817 |   2817 |      0 |    406 |      0 |   4 |  704.2 |
       Dungeon |   2817 |   2817 |      0 |    406 |      0 |   4 |  704.2 |
               +--------+--------+--------+--------+--------+-----+--------+

Top non-repeatable levels by time:
     D:1: 1056 daAuts
     D:2: 1027 daAuts
     D:3: 479 daAuts
     D:6: 254 daAuts
